 Dungeon Crawl Stone Soup version 0.29.1-2-gbd0b4ee654 (webtiles) character file.

Game seed: 11037902356760685325

1015 mopl the Poker (level 8, -1/65 HPs)
             Began as a Palentonga Berserker on Oct 24, 2022.
             Was a Priest of Trog.
             Slain by an ogre
             ... wielding a +0 giant club
              (14 damage)
             ... on level 5 of the Dungeon.
             The game lasted 00:05:45 (3765 turns).

mopl the Poker (Palentonga Berserker)               Turns: 3765, Time: 00:05:45

Health: -1/65      AC: 15    Str: 22    XL:     8   Next: 1%
Magic:  8/8        EV:  9    Int:  8    God:    Trog [***...]
Gold:   55         SH:  0    Dex: 12    Spells: 7/7 levels left

rFire   . . .      SeeInvis +   a - +0 spear
rCold   . . .      Faith    .   (no shield)
rNeg    . . .      Spirit   .   l - +2 ring mail {rPois}
rPois   +          Reflect  .   (no helmet)
rElec   .          Harm     .   (no cloak)
rCorr   .          Rampage  .   (no gloves)
Will    +....                   (no barding)
Stlth   +.........              (no amulet)
HPRegen 0.20/turn               k - ring of willpower
MPRegen 0.11/turn               (no ring)

@: on berserk cooldown, slowed, curled up, very slow
A: large, rugged brown scales 3, see invisible, deformed body, roll 1, armoured
tail, reflexive curl
a: Rolling Charge, Renounce Religion, Berserk, Trog's Hand


You were on level 5 of the Dungeon.
You worshipped Trog.
Trog was most pleased with you.
You visited 1 branch of the dungeon, and saw 6 of its levels.

You collected 178 gold pieces.
You spent 123 gold pieces at shops.

Inventory:

Hand Weapons
 a - a +0 spear (weapon)
Missiles
 d - 2 poisoned darts (quivered)
Armour
 l - a +2 ring mail of poison resistance (worn)
Jewellery
 k - a ring of willpower (left hand)
Scrolls
 b - a scroll of amnesia {unknown}
 c - 3 scrolls of teleportation
 e - a scroll of blinking
 f - a scroll of identify
 g - a scroll of butterflies {unknown}
 h - 2 scrolls of immolation {unknown}
 i - a scroll of enchant weapon {unknown}
 n - a scroll of silence {unknown}
 p - a scroll of poison {unknown}
Potions
 j - 4 potions of curing
 m - a potion of magic
 o - 2 potions of flight


   Skills:
 + Level 4.7 Fighting
 * Level 5.6 Polearms
 + Level 2.4 Throwing
 + Level 3.4 Armour
 + Level 3.5 Dodging


You had 7 spell levels left.
You didn't know any spells.
Your spell library was empty.

Dungeon Overview and Level Annotations

Branches:
Dungeon (6/15)
 Temple: D:4-7

Altars:
Fedhas
Hepliaklqana
Okawaru
Sif Muna
Trog
Vehumet
Wu Jian
Yredelemnul
Zin

Shops:
D:1 =   D:4 *

Annotations:
D:5 Dowan


Innate Abilities, Weirdness & Mutations

You are completely covered in rugged brown scales. (AC +3, +7% HP)
You have supernaturally acute eyesight. (SInv)
Armour fits poorly on your strangely shaped body.
You can roll at nearby foes to attack.
You have a long armoured tail.
You curl defensively after being hit. (AC +7*)


Message History

Dowan casts a spell at you. The stone arrow hits you!
* * * LOW HITPOINT WARNING * * *
Dowan casts a spell.
Dowan blinks!
The orc priest hits you but does no damage.
There is an open door here.
Unknown command.
The orc wizard attacks as you move away!
The orc wizard hits you with a staff of poison.
* * * LOW HITPOINT WARNING * * *
Unknown command.
You closely miss the orc priest.
Unknown command.
You closely miss the orc priest.
Your tail-slap misses the orc priest.
The orc priest closely misses you. The orc wizard completely misses you.
The orc wizard hits you but does no damage.
The orc priest hits you with a +0 club.
* * * LOW HITPOINT WARNING * * *
Unknown command.
You aren't carrying any items that you can evoke.
Okay, then.
As you read the scroll labelled ELOSAMEOGG, it crumbles to dust.
You feel strangely unstable.
It was a scroll of teleportation.
Dowan mumbles some strange words.
Dowan blinks!
The orc wizard hits you with a staff of poison.
* * * LOW HITPOINT WARNING * * *
The orc priest hits you but does no damage.
Your surroundings suddenly seem different.
You feel the effects of Trog's Hand fading.
An ogre comes into view. It is wielding a +0 giant club.
Found a scroll labelled UHUVOT CAAJ.
The ogre shouts!
Your skin stops crawling.
You feel less strong-willed. The ogre barely misses you.
The ogre attacks as you move away! The ogre hits you with a +0 giant club!
* * * LOW HITPOINT WARNING * * *
The ogre attacks as you move away! The ogre hits you with a +0 giant club!
You die...

# ......... . ...
......... . ...#
#....?... . ...#
#........ .
...####.........#
.
#..............###
##.
#.................
#..
#....O@..........
#..
#.............. ..
#####.####...#
###+### #.####...#
#.....# #........#
#.#.#e# #####....#
+.._..' #....#
#.#.#.# ##...#.
#..o..#
#.....o###o###


You could see an ogre.

Vanquished Creatures
  Pikel (D:4)
  Duvessa (D:5)
  An orc warrior (D:4)
  4 lemures
  A scorpion (D:4)
  A necrophage (D:6)
  A hound (D:4)
  A jelly (D:6)
  Natasha (thrice) (D:3)
  2 adders (D:2)
  4 gnolls (D:5)
  5 worms
  A dart slug (D:1)
  5 orcs
  12 bats
  8 endoplasms
  4 giant cockroaches
  5 goblins
  10 hobgoblins
  12 jackals
  3 quokkas
  3 ball pythons
  9 frilled lizards
  6 kobolds
  6 rats
109 creatures vanquished.

Vanquished Creatures (others)
  A plant (D:4)
1 creature vanquished.

Grand Total: 110 creatures vanquished

Notes
Turn   | Place    | Note
-------+----------+-------------------------------------------
     0 | D:1      | mopl the Palentonga Berserker began the quest for the Orb.
     0 | D:1      | Reached XP level 1. HP: 19/19 MP: 1/1
    88 | D:1      | Reached XP level 2. HP: 6/25 MP: 2/2
   389 | D:1      | Reached skill level 3 in Polearms
   535 | D:1      | Found a faded altar of an unknown god.
   618 | D:1      | Reached XP level 3. HP: 25/31 MP: 3/3
   644 | D:1      | Found Foloim's Jewellery Boutique.
   843 | D:1      | Reached ** piety under Trog
  1086 | D:2      | Reached skill level 2 in Armour
  1086 | D:2      | Reached skill level 2 in Dodging
  1110 | D:2      | Identified the +2 robe of Blue Skies {Fly rPois rN+ Dex+4}
  1306 | D:2      | Reached XP level 4. HP: 32/37 MP: 4/4
  2157 | D:3      | Found a basalt altar of Yredelemnul.
  2163 | D:3      | Found a shimmering blue altar of Sif Muna.
  2166 | D:3      | Found a glowing silver altar of Zin.
  2166 | D:3      | Found a hazy altar of Hepliaklqana.
  2173 | D:3      | Found an iron altar of Okawaru.
  2219 | D:3      | Noticed Natasha
  2229 | D:3      | Killed Natasha
  2229 | D:3      | Reached *** piety under Trog
  2233 | D:3      | Reached XP level 5. HP: 38/43 MP: 5/5
  2277 | D:3      | Noticed Natasha
  2282 | D:3      | Killed Natasha
  2283 | D:3      | Reached skill level 1 in Throwing
  2458 | D:3      | Noticed Natasha
  2464 | D:3      | Killed Natasha
  2465 | D:3      | Reached skill level 4 in Polearms
  2477 | D:4      | Noticed a lemure
  2478 | D:4      | Noticed a lemure
  2499 | D:3      | Killed a lemure
  2740 | D:4      | Killed a lemure
  2796 | D:4      | Noticed a lemure
  2797 | D:4      | Noticed Pikel
  2797 | D:4      | Noticed a lemure
  2815 | D:3      | Killed a lemure
  2875 | D:4      | Killed a lemure
  2884 | D:4      | Killed Pikel
  2885 | D:4      | Reached skill level 4 in Fighting
  2885 | D:4      | Reached skill level 5 in Polearms
  2885 | D:4      | Reached skill level 3 in Armour
  2885 | D:4      | Reached skill level 3 in Dodging
  2885 | D:4      | Reached XP level 6. HP: 28/51 MP: 6/6
  2885 | D:4      | Gained mutation: You curl defensively after being hit. (AC
                  | +7*) [Palentonga growth]
  2885 | D:4      | Reached XP level 7. HP: 31/57 MP: 7/7
  3067 | D:4      | Found a bloodstained altar of Trog.
  3158 | D:4      | Found Yxzidimi's General Store.
  3161 | D:4      | Bought a scroll of blinking for 97 gold pieces
  3161 | D:4      | Bought a scroll of identify for 26 gold pieces
  3207 | D:4      | Found a radiant altar of Vehumet.
  3294 | D:4      | Reached skill level 2 in Throwing
  3496 | D:4      | You fall into a shaft and drop 2 floors!
  3513 | D:6      | Found an ornate altar of the Wu Jian Council.
  3572 | D:5      | Entered Level 5 of the Dungeon
  3720 | D:5      | Found a blossoming altar of Fedhas.
  3729 | D:5      | Noticed Duvessa
  3729 | D:5      | Noticed Dowan
  3737 | D:5      | Killed Duvessa
  3738 | D:5      | Reached XP level 8. HP: 56/65 MP: 8/8
  3765 | D:5      | Slain by an ogre

Illustrated notes

Levels and vault maps discovered:
D:1:      dpeg_arrival_brainrot, layout_basic, serial_shops, shop_coins,
          shapermc_ecumenical_altar_pompeii
D:2:      layout_basic, grunt_ministairs_10
D:3:      layout_loops_cross, nicolae_overflow_hallway_of_the_gods, uniq_natasha
D:4:      cheibrodos_old_hovel, layout_basic, lemuel_doored_altar,
          mainiacjoe_overflow_paths, kennysheep_mini_moat, serial_shops,
          kennysheep_mini, uniq_pikel
D:5:      layout_basic, kennysheep_little_box, serial_corexii_hall,
          corexii_hall_statues_l, chequers_hall_statues_corner_a, uniq_duvessa
D:6:      layout_basic, mainiacjoe_overflow_24_doors,
          minmay_temple_entry_proselytizer

Skill      XL: |  1  2  3  4  5  6  7 |
---------------+----------------------+-----
Polearms       | 3 5 |  5.6
Armour         | 2 3 |  3.4
Dodging        | 2 3 |  3.5
Throwing       | 1 2 |  2.4
Fighting       | 4 |  4.7

Action                   |  1- 3 |  4- 6 |  7- 9 || total
-------------------------+-------+-------+-------++-------
Melee: Spear             |   153 |   142 |   116 ||   411
       Tailslap          |     8 |    16 |    17 ||    41
       Punch             |       |       |     3 ||     3
Invok: Berserk           |     4 |     4 |     4 ||    12
       Trog's Hand       |       |       |     1 ||     1
  Use: Scroll            |       |     5 |     1 ||     6
       Potion            |       |     1 |       ||     1
Armor: Animal skin       |    16 |       |       ||    16
       Ring mail         |    23 |    31 |    60 ||   114
       Robe              |     3 |       |       ||     3
Dodge: Dodged            |    55 |    51 |    48 ||   154
